 Dungeon Crawl Stone Soup version 0.29-a0-878-g7b45a56547 (webtiles) character file.

Game seed: 4314113748898687662

114 jlumianski the Chiller (level 4, -8/45 HPs)
             Began as a Demonspawn Ice Elementalist on July 19, 2022.
             Mangled by Crazy Yiuf
             ... wielding a +3 quarterstaff of chaos
              (13 damage)
             ... on level 2 of the Dungeon.
             The game lasted 00:15:42 (3055 turns).

jlumianski the Chiller (DsIE)                       Turns: 3055, Time: 00:15:45

Health: -8/45      AC: 10    Str:  9    XL:     4   Next: 67%
Magic:  0/8        EV:  8    Int: 18    God:
Gold:   79         SH:  0    Dex: 13    Spells: 2/9 levels left

rFire   . . .      SeeInvis .   e - staff of cold
rCold   + . .      Faith    .   (no shield)
rNeg    . . .      Spirit   .   n - +0 leather armour
rPois   .          Reflect  .   w - +1 helmet
rElec   .          Harm     .   (no cloak)
rCorr   +          Rampage  .   (no gloves)
Will    .....                   (no boots)
Stlth   ..........              (no amulet)
HPRegen 0.15/turn               g - ring of resist corrosion
MPRegen 0.11/turn               (no ring)

@: mighty, berserking, ice-armoured, grasped by roots, freezing walls,
constricted, very quick
A: foul stench 1
a: no special abilities


You were on level 2 of the Dungeon.
You visited 1 branch of the dungeon, and saw 3 of its levels.

You collected 79 gold pieces.

Inventory:

Hand Weapons
 d - a +0 short sword
 q - a +0 dagger of flaming
Missiles
 h - 18 stones
 l - 4 poisoned darts (quivered)
Armour
 a - a +0 robe
 n - a +0 leather armour (worn)
 u - a +0 buckler
 w - a +1 helmet (worn)
Magical Staves
 c - a staff of poison
 e - a staff of cold (weapon)
Jewellery
 g - a ring of resist corrosion (left hand)
Scrolls
 k - a scroll of vulnerability {unknown}
 p - a scroll of summoning {unknown}
 s - a scroll of enchant weapon {unknown}
 v - a scroll of noise {unknown}
Potions
 b - 2 potions of magic
 f - 2 potions of lignification
 i - 2 potions of ambrosia
 m - a potion of attraction
 o - a potion of might {unknown}
 r - a potion of curing
 t - a potion of heal wounds {unknown}
 x - a potion of degeneration {unknown}


   Skills:
 + Level 0.1 Fighting
 + Level 0.5 Armour
 + Level 1.9 Dodging
 + Level 2.2 Stealth
 + Level 3.1 Spellcasting
 + Level 4.5 Ice Magic


You had 2 spell levels left.
You knew the following spells:

 Your Spells              Type           Power      Damage    Failure   Level
a - Freeze                Ice            100%       1d11      3%          1
b - Frozen Ramparts       Ice            58%        1d7       10%         3
c - Ozocubu's Armour      Ice            29%        N/A       10%         3

Your spell library contained the following spells:

 Spells                   Type           Power      Damage    Failure   Level
 Hailstorm                Conj/Ice       16%        3d6       63%         4


Dungeon Overview and Level Annotations

Branches:
Dungeon (3/15)

Altars:
Makhleb

Annotations:
D:2 Crazy Yiuf


Innate Abilities, Weirdness & Mutations

You may rarely emit foul miasma when damaged in melee.


Message History

Casting: Ozocubu's Armour (quite dangerous; 10% risk of failure)
Confirm with . or Enter, or press ? or * to list all spells.
The spell is quite dangerous to miscast (10% risk of failure)!
Continue anyway?
Okay, then.
Casting: Ozocubu's Armour (quite dangerous; 10% risk of failure)
Confirm with . or Enter, or press ? or * to list all spells.
The spell is quite dangerous to miscast (10% risk of failure)!
Continue anyway?
Casting: Frozen Ramparts (quite dangerous; 10% risk of failure)
Press: ? - help, Dir - look around, f - activate You feel a surge of power!
The walls around you are covered in ice.
You open the door.
The wall freezes Crazy Yiuf.
You closely miss Crazy Yiuf.
Crazy Yiuf is lightly wounded.
The wall freezes Crazy Yiuf.
Crazy Yiuf hits you with a +3 quarterstaff of chaos!
You feel your power leaking away.
You hit Crazy Yiuf.
Crazy Yiuf is lightly wounded.
The wall freezes Crazy Yiuf.
Crazy Yiuf says, "Leather hand snail!"
Crazy Yiuf hits you but does no damage.
You closely miss Crazy Yiuf.
Crazy Yiuf is heavily wounded.
The wall freezes Crazy Yiuf.
Crazy Yiuf zaps a wand.
The roots erupt in riotous growth!
The grasping roots grab you!
Crazy Yiuf is unaffected.
The grasping roots constrict you.
You hit Crazy Yiuf but do no damage.
Crazy Yiuf is heavily wounded.
The wall freezes Crazy Yiuf.
Crazy Yiuf hits you but does no damage.
You feel very mighty all of a sudden. The grasping roots constrict you.
A red film seems to cover your vision as you go berserk!
You feel yourself moving faster!
You feel mighty!
The wall freezes Crazy Yiuf.
Crazy Yiuf grits, "Liver hog action!"
Crazy Yiuf hits you with a +3 quarterstaff of chaos!
* * * LOW HITPOINT WARNING * * *
You convulse!
You die...

..........# #....... ..........#
#....... ..........# ###.......
........### #......... .......รท#
#.......#. ........# #........>
.....#..#### ### #.......##
.....#...#.## ###)))# #.......#
.....#......####@g)).# #.#.....#
.....#......)#))##)))# #.#.....#
..#.####.#.)#)### ### #.#.....#
..#.# ######## #.####### ..#.#
#.######## ..#.##### #.#.......
........################.#.......
.........................#.......
........#.#.##############.......


You could see Crazy Yiuf.

Vanquished Creatures
  Robin (D:2)
  3 adders (D:2)
  A worm (D:3)
  A dart slug (D:2)
  4 bats
  6 endoplasms
  3 giant cockroaches
  7 hobgoblins
  2 jackals (D:1)
  5 kobolds
  4 quokkas
  7 ball pythons
  3 frilled lizards
  13 goblins
  5 rats
65 creatures vanquished.

Vanquished Creatures (others)
  A fungus (D:1)
1 creature vanquished.

Grand Total: 66 creatures vanquished

Notes
Turn   | Place    | Note
-------+----------+-------------------------------------------
     0 | D:1      | jlumianski the Demonspawn Ice Elementalist began the quest
                  | for the Orb.
     0 | D:1      | Reached XP level 1. HP: 13/13 MP: 3/3
   438 | D:1      | Reached skill level 4 in Ice Magic
   438 | D:1      | Gained mutation: You may rarely emit foul miasma when
                  | damaged in melee. [demonic ancestry]
   438 | D:1      | Reached XP level 2. HP: 19/19 MP: 1/5
   655 | D:1      | Found a faded altar of an unknown god.
   994 | D:1      | Reached XP level 3. HP: 24/24 MP: 3/6
   998 | D:1      | Learned a level 3 spell: Frozen Ramparts
  1648 | D:2      | Found a burning altar of Makhleb.
  1761 | D:2      | Learned a level 3 spell: Ozocubu's Armour
  1919 | D:2      | Reached XP level 4. HP: 30/30 MP: 3/8
  2431 | D:2      | Noticed Robin
  2529 | D:2      | Killed Robin
  2802 | D:2      | Found a runed translucent door.
  2803 | D:2      | Noticed Crazy Yiuf
  3055 | D:2      | Mangled by Crazy Yiuf

Illustrated notes

Levels and vault maps discovered:
D:1:      dpeg_arrival_erosion, layout_loops_ring,
          shapermc_ecumenical_altar_acropolis, minmay_pentomino_s4
D:2:      layout_basic, basic_altar, uniq_robin, uniq_crazy_yiuf_cottage
D:3:      layout_basic, overflow_temple_1_default, tgw_kikubaaqudgha,
          ebering_ghost_rock_garden

Skill      XL: |  1  2  3  4 |
---------------+-------------+-----
Ice Magic      | 4 |  4.5
Stealth        | 2 |  2.2
Spellcasting   | 3 |  3.1
Fighting       | |  0.1
Armour         | |  0.5
Dodging        | |  1.9

Action                   |  1- 3 |  4- 6 || total
-------------------------+-------+-------++-------
Melee: Staff             |    28 |    24 ||    52
       Unarmed           |     5 |       ||     5
 Cast: Freeze            |    38 |     4 ||    42
       Frozen Ramparts   |     7 |    13 ||    20
       Ozocubu's Armour  |       |     1 ||     1
  Use: Scroll            |     2 |     2 ||     4
       Potion            |       |     2 ||     2
 Stab: Sleeping          |       |     1 ||     1
Armor: Robe              |    15 |       ||    15
       Leather armour    |     3 |    10 ||    13
Dodge: Dodged            |    44 |    18 ||    62

Table legend: (Time is in decaauts)
 A = Elapsed time spent in this place.
 B = Non-inter-level travel time spent in this place.
 C = Inter-level travel time spent in this place.
 D = Time resting spent in this place.
 E = Time spent auto-exploring this place.
 F = Levels seen in this place.
 G = Mean time per level.
                   A        B        C        D        E       F      G
               +--------+--------+--------+--------+--------+-----+--------+
         Total |   3065 |   3016 |     49 |    735 |   1190 |   3 | 1021.7 |
       Dungeon |   3065 |   3016 |     49 |    735 |   1190 |   3 | 1021.7 |
               +--------+--------+--------+--------+--------+-----+--------+

Top non-repeatable levels by time:
     D:1: 1515 daAuts
     D:2: 1324 daAuts
     D:3: 225 daAuts
